 Dungeon Crawl Stone Soup version 0.30-a0-629-gd54f4be4f7 (webtiles) character file.

Game seed: 15963865009301899874

7550 Mitcholas the Skirmisher (level 10, -4/60 HPs)
             Began as a Deep Elf Hunter on Jan 12, 2023.
             Was an Elder of Okawaru.
             Slain by an orc warlord
             ... wielding a +4 battleaxe
              (22 damage)
             ... in a bailey.
             The game lasted 00:29:52 (9147 turns).

Mitcholas the Skirmisher (Deep Elf Hunter)          Turns: 9147, Time: 00:29:53

Health: -4/60      AC:  9    Str:  8    XL:     10   Next: 96%
Magic:  16/16      EV: 18    Int: 15    God:    Okawaru [****..]
Gold:   180        SH:  0    Dex: 22    Spells: 9/9 levels left

rFire   . . .      SeeInvis .    G - +2 arbalest (heavy)
rCold   . . .      Faith    .    (shield currently unavailable)
rNeg    . . .      Spirit   .    j - +1 robe {Will+}
rPois   .          Reflect  .    (no helmet)
rElec   .          Harm     .    (no cloak)
rCorr   .          Rampage  .    e - +0 pair of gloves
Will    ++...                    p - +0 pair of boots
Stlth   +++                      l - amulet of magic regeneration
HPRegen 0.30/turn                c - +4 ring of protection
MPRegen 0.55/turn                (no ring)

@: hasted, studying Shields, invisible, very quick
A: no striking features
a: Renounce Religion, Heroism, Finesse


You were in a bailey.
You worshipped Okawaru.
Okawaru was greatly pleased with you.
You visited 2 branches of the dungeon, and saw 10 of its levels.
You also visited: Ossuary and Bailey.

You collected 514 gold pieces.
You spent 334 gold pieces at shops.

Inventory:

Hand Weapons
 G - a +2 heavy arbalest (weapon)
Armour
 e - a +0 pair of gloves (worn)
 j - a +1 robe of willpower (worn)
 p - a +0 pair of boots (worn)
Jewellery
 c - a +4 ring of protection (left hand)
 l - an amulet of magic regeneration (around neck)
 x - a ring of ice
Wands
 z - a wand of flame (28)
Scrolls
 a - a scroll of teleportation
 b - 2 scrolls of immolation
 d - a scroll of poison
 g - a scroll of fear
 m - 3 scrolls of noise
 o - a scroll of enchant weapon
 r - 3 scrolls of fog {unknown}
 s - 2 scrolls of amnesia
 w - a scroll of blinking
 B - a scroll of vulnerability
 E - 2 scrolls of silence
 I - 2 scrolls of butterflies {unknown}
Potions
 f - a potion of might
 h - 4 potions of mutation
 k - 3 potions of haste
 n - 4 potions of degeneration
 q - 2 potions of cancellation
 t - 3 potions of resistance
 u - 6 potions of flight
 v - 2 potions of brilliance
 A - 3 potions of lignification
 C - a potion of heal wounds
 D - 2 potions of curing
 F - a potion of berserk rage {unknown}


   Skills:
 + Level 5.9 Fighting
 * Level 13.5 Ranged Weapons
 - Level 4.0 Armour
 + Level 8.6 Dodging
 + Level 4.5 Stealth
 + Level 5.9 Invocations
 - Level 6.0 Evocations


You had 9 spell levels left.
You didn't know any spells.
Your spell library contained the following spells:

 Spells                   Type           Power      Damage    Failure   Level
 Foxfire                  Conj/Fire      0%         2x1d4     26%         1
 Kiss of Death            Conj/Necr      0%         2d5       26%         1
 Sting                    Tmut/Pois      0%         1d3       26%         1
 Blink                    Tloc           0%         N/A       38%         2
 Ensorcelled Hibernation  Hex/Ice        0%         N/A       38%         2
 Passwall                 Tmut/Erth      0%         N/A       38%         2
 Poisonous Vapours        Pois/Air       0%         N/A       38%         2
 Confusing Touch          Hex            0%         N/A       63%         3
 Gell's Gravitas          Tloc           0%         N/A       63%         3
 Ignite Poison            Fire/Tmut/Pois 0%         N/A       63%         3
 Kindle Blastsparks       Fire/Tloc/Air  0%         2d10      63%         3
 Spider Form              Tmut/Pois      0%         N/A       63%         3
 Swiftness                Air            0%         N/A       63%         3
 Teleport Other           Tloc           0%         N/A       63%         3
 Anguish                  Hex/Necr       0%         N/A       95%         4
 Dispel Undead            Necr           0%         3d6       95%         4
 Manifold Assault         Tloc           0%         N/A       95%         4
 Olgreb's Toxic Radiance  Pois           0%         N/A       95%         4
 Fireball                 Conj/Fire      0%         3d3       100%        5
 Freezing Cloud           Conj/Ice/Air   0%         6-21      100%        5
 Dispersal                Tloc           0%         N/A       100%        6
 Starburst                Conj/Fire      0%         6d3       100%        6
 Storm Form               Tmut/Air       0%         N/A       100%        7


Dungeon Overview and Level Annotations

Branches:
Dungeon (9/15)             Temple (1/1) D:5            Lair (0/5) D:8
Ossuary (visited)          Bailey (1/1)
    Orc: D:9-12

Altars:
Ashenzari
Dithmenos
Elyvilon
Fedhas
Gozag
Hepliaklqana
Kikubaaqudgha
Nemelex Xobeh
Okawaru
Qazlal
Ru
Sif Muna
Trog
Uskayaw
Vehumet
Wu Jian
Xom
Yredelemnul
Zin
The Shining One

Shops:
D:5 :??[*

Annotations:
D:4 3 runed translucent doors, DeadOnArrival's ghost, amateur DrMo
D:7 1 runed translucent door, NinjaNoafa's ghost, novice FeSu
D:8 1 runed translucent door, themarg's ghost, novice GnTm


Message History

The orc warlord misses you.
Fire: G) +2 arbalest (heavy)
Press: ? - help, Q - select action, (/) - cycle Shift-Dir - straight line, f/p - orc warlord
Aim: an orc warlord, wielding a +4 battleaxe and wearing a +0 chain mail (heavily wounded, unable to see you, 78% to hit)
You shoot a bolt. The bolt barely misses the orc warlord.
The orc warlord hits you with a +4 battleaxe!
* * * LOW HITPOINT WARNING * * *
Fire: G) +2 arbalest (heavy)
Press: ? - help, Q - select action, (/) - cycle Shift-Dir - straight line, f/p - orc warlord
Aim: an orc warlord, wielding a +4 battleaxe and wearing a +0 chain mail (heavily wounded, unable to see you, 78% to hit)
You shoot a bolt. The bolt barely misses the orc warlord.
Fire: G) +2 arbalest (heavy)
Press: ? - help, Q - select action, (/) - cycle Shift-Dir - straight line, f/p - orc warlord
Aim: an orc warlord, wielding a +4 battleaxe and wearing a +0 chain mail (heavily wounded, wandering, unable to see you, hasn't noticed you, 78% to hit)
You shoot a bolt. The bolt barely misses the orc warlord.
Fire: G) +2 arbalest (heavy)
Press: ? - help, Q - select action, (/) - cycle Shift-Dir - straight line, f/p - orc warlord
Aim: an orc warlord, wielding a +4 battleaxe and wearing a +0 chain mail (heavily wounded, wandering, unable to see you, hasn't noticed you, 78% to hit)
You shoot a bolt. The bolt hits the orc warlord.
The orc warlord is severely wounded.
Fire: G) +2 arbalest (heavy)
Press: ? - help, Q - select action, (/) - cycle Shift-Dir - straight line, f/p - orc warlord
Aim: an orc warlord, wielding a +4 battleaxe and wearing a +0 chain mail (severely wounded, wandering, unable to see you, hasn't noticed you, 78% to hit)
You shoot a bolt. The bolt hits the orc warlord!!
The orc warlord is almost dead.
You feel like a meek peon again. The orc warlord barely misses you.
Fire: G) +2 arbalest (heavy)
Press: ? - help, Q - select action, (/) - cycle Shift-Dir - straight line, f/p - orc warlord
Aim: an orc warlord, wielding a +4 battleaxe and wearing a +0 chain mail (almost dead, unable to see you, 75% to hit)
You shoot a bolt. The bolt barely misses the orc warlord.
Your hands slow down.
The orc warlord barely misses you.
Fire: G) +2 arbalest (heavy)
Press: ? - help, Q - select action, (/) - cycle Shift-Dir - straight line, f/p - orc warlord
Aim: an orc warlord, wielding a +4 battleaxe and wearing a +0 chain mail (severely wounded, unable to see you, 75% to hit)
You shoot a bolt.
The bolt completely misses the orc warlord.
The orc warlord hits you with a +4 battleaxe!!
You die...

'###.......###'###..♣♣
))#~.8...8.~#....##.♣
[.#~~~~~~~~~#.....##♣
..####~~~####......##
..[..#'''#...(..8...#
.........(..........#
........[...........#
.8...........8..8..##
....#######....o@.##
...## ##.....## ..##
##...## ### #####


You could see an orc warlord (unable to see you).

Vanquished Creatures
  Erica (D:8)
  An orc sorcerer (D:8)
  Joseph (D:8)
  A rime drake (D:8)
  6 yaks
  2 wyverns
  2 steam dragons
  2 water moccasins
  6 orc warriors
  11 ice beasts
  An ogre (D:4)
  2 centaurs
  A phantom (D:6)
  A kobold brigand (D:7)
  2 bullfrogs (D:8)
  2 necrophages (D:4)
  2 scorpions
  8 wights
  12 killer bees
  3 howler monkeys
  An electric eel (D:8)
  2 jellies
  3 orc priests
  3 hounds
  A human zombie (Ossuary)
  3 iguanas
  9 orc wizards
  4 mummies (Ossuary)
  2 gnolls (Bailey)
  18 adders
  An ufetubus (D:5)
  A worm (D:5)
  3 dart slugs
  22 orcs
  4 bats
  8 endoplasms
  2 giant cockroaches
  9 goblins
  10 hobgoblins
  2 jackals (D:4)
  21 kobolds
  3 quokkas
  7 ball pythons
  4 frilled lizards
  3 goblin zombies (Ossuary)
  4 hobgoblin zombies (Ossuary)
  2 jackal zombies (Ossuary)
  A kobold zombie (Ossuary)
  An orc zombie (Ossuary)
  A rat (D:1)
222 creatures vanquished.

Vanquished Creatures (others)
  A wolf (D:8)
  13 plants
14 creatures vanquished.

Grand Total: 236 creatures vanquished

Notes
Turn   | Place    | Note
-------+----------+-------------------------------------------
     0 | D:1      | Mitcholas the Deep Elf Hunter began the quest for the Orb.
     0 | D:1      | Reached XP level 1. HP: 12/12 MP: 3/3
   108 | D:1      | Reached XP level 2. HP: 17/17 MP: 4/4
   781 | D:2      | Reached XP level 3. HP: 21/21 MP: 5/5
  1113 | D:3      | Reached skill level 6 in Ranged Weapons
  1215 | D:3      | Reached skill level 1 in Armour
  1225 | D:3      | Found a hazy altar of Hepliaklqana.
  1375 | D:3      | Reached XP level 4. HP: 23/26 MP: 6/6
  1475 | D:3      | Reached XP level 5. HP: 30/30 MP: 7/7
  2103 | D:4      | Noticed DeadOnArrival's ghost (amateur DrMo)
  2247 | D:4      | Reached skill level 7 in Ranged Weapons
  2250 | D:4      | Reached XP level 6. HP: 13/36 MP: 8/8
  2495 | D:4      | Found a runed translucent gate.
  2496 | D:4      | Found a runed translucent gate.
  2498 | D:4      | Found a runed translucent gate.
  2629 | D:4      | Reached XP level 7. HP: 15/40 MP: 9/9
  2758 | D:4      | Reached skill level 8 in Ranged Weapons
  2930 | D:5      | Entered Level 5 of the Dungeon
  3282 | D:5      | Found Zauxt's Magic Scroll Boutique.
  3315 | D:5      | Reached skill level 5 in Dodging
  3337 | D:5      | Found Fiapiokk's Magic Scroll Emporium.
  3399 | D:5      | Found Cusigg's Book Boutique.
  3684 | D:5      | Found an ancient bone altar of Kikubaaqudgha.
  3735 | D:5      | Found Xowi's Antique Armour Shop.
  3753 | D:5      | Bought a brightly glowing leather armour for 147 gold
                  | pieces
  3753 | D:5      | Identified the +1 leather armour "Heruefej" {Rampage
                  | *Corrode rElec Int-4} (You bought it in a shop on level 5
                  | of the Dungeon)
  3762 | D:5      | Identified the +8 mace of Wrongful Imprisonment {venom,
                  | rElec Dex+2 SInv}
  3839 | D:5      | Found a staircase to the Ecumenical Temple.
  3848 | Temple   | Entered the Ecumenical Temple
  3892 | Temple   | Became a worshipper of Warmaster Okawaru
  3944 | D:5      | Found Neyfem's Assorted Antiques.
  4021 | D:6      | Noticed a steam dragon
  4038 | D:6      | Killed a steam dragon
  4039 | D:6      | Reached skill level 9 in Ranged Weapons
  4039 | D:6      | Reached XP level 8. HP: 10/46 MP: 10/10
  4240 | D:6      | Reached skill level 1 in Invocations
  4240 | D:6      | Reached skill level 1 in Evocations
  4386 | D:6      | Found a shadowy altar of Dithmenos.
  4386 | D:6      | Found a shimmering blue altar of Sif Muna.
  4851 | D:6      | Reached * piety under Okawaru
  4926 | D:6      | Found a broken altar of Ashenzari.
  4926 | D:6      | Found a white marble altar of Elyvilon.
  4934 | D:6      | Found a shimmering altar of Xom.
  5088 | D:6      | Found a bloodstained altar of Trog.
  5090 | D:6      | Found a faded altar of an unknown god.
  5220 | D:6      | Found a glowing silver altar of Zin.
  5220 | D:6      | Noticed an angel
  5363 | D:7      | Found a radiant altar of Vehumet.
  5367 | D:7      | Reached skill level 10 in Ranged Weapons
  5483 | D:7      | Found a sand-covered staircase.
  5487 | Ossuary  | Entered an ossuary
  5754 | D:7      | Found a runed translucent door.
  5754 | D:7      | Noticed NinjaNoafa's ghost (novice FeSu)
  5832 | D:7      | Reached XP level 9. HP: 39/52 MP: 11/13
  6108 | D:7      | Reached ** piety under Okawaru
  6942 | D:7      | Reached skill level 11 in Ranged Weapons
  7231 | D:5      | Bought a runed arbalest for 187 gold pieces
  7282 | D:8      | Noticed Erica
  7284 | D:8      | Killed Erica
  7284 | D:8      | Reached *** piety under Okawaru
  7285 | D:8      | Reached skill level 5 in Fighting
  7294 | D:8      | Reached XP level 10. HP: 59/59 MP: 15/15
  7302 | D:8      | Reached skill level 12 in Ranged Weapons
  7467 | D:8      | Noticed Joseph
  7472 | D:8      | HP: 1/59 [wolf (3)]
  7660 | D:8      | Reached skill level 5 in Evocations
  7663 | D:8      | Killed Joseph
  7663 | D:8      | Reached **** piety under Okawaru
  7664 | D:8      | Reached skill level 5 in Invocations
  7913 | D:8      | Found a runed translucent door.
  7914 | D:8      | Noticed themarg's ghost (novice GnTm)
  8043 | D:8      | Found an opulent altar of Gozag.
  8069 | D:8      | Found a sparkling altar of Nemelex Xobeh.
  8241 | D:8      | Found a staircase to the Lair.
  8407 | D:8      | Noticed an orc sorcerer
  8411 | D:8      | Reached skill level 13 in Ranged Weapons
  8411 | D:8      | Killed an orc sorcerer
  8411 | D:8      | Reached ***** piety under Okawaru
  8548 | D:9      | Identified the +6 plate armour "Resk" {Contam Rampage
                  | +Blink rC++} (Okawaru gifted it to you on level 9 of the
                  | Dungeon)
  8548 | D:9      | Received a gift from Okawaru
  8649 | D:9      | Found a flagged portal.
  8691 | Bailey   | Entered a bailey
  8785 | Bailey   | Noticed an orc warlord
  8845 | Bailey   | Found a runed translucent gate.
  8847 | Bailey   | Found a runed translucent gate.
  8849 | Bailey   | Found a runed translucent gate.
  9147 | Bailey   | Slain by an orc warlord

Illustrated notes

Levels and vault maps discovered:
D:1:      lightli_iron_boxes, layout_basic
D:2:      wander_river, layout_rooms
D:3:      layout_basic, overflow_temple_1_default, fountainhead,
          nicolae_half_adder
D:4:      layout_basic, gammafunk_ghost_split, minmay_manual_maat
D:5:      layout_basic, kiku_gazebo_garden_becter, lemuel_temple_firewalk_b,
          serial_shops, nicolae_shop_window_shopping, shop, kennysheep_mini,
          nicolae_shop_overgrown_old_shop, nicolae_shop_crystal, serial_bayou,
          serial_bayou_crossing, serial_bayou_ford_a, serial_bayou_pond_e,
          serial_bayou_pond_c
D:6:      layout_loops_ring, zin_angel, gammafunk_temple_overflow_pools,
          chequers_temple_overflow_minitemple
D:7:      layout_rooms, overflow_temple_1_default, gammafunk_ghost_grave,
          enter_ossuary_5
D:8:      cheibrodos_wizards_tower, layout_cave_pools,
          grunt_temple_overflow_opulence, hellmonk_lair_entry_icy,
          ebering_ghost_reflecting_pool, uniq_erica, uniq_joseph
D:9:      layout_cave_pools, enter_bailey_1, small_statue_intersection,
          minmay_shattered_shrine
Temple:   hellmonk_temple_of_storms
Bailey:   bailey_axe_bossmonster_kennysheep, bailey

Skill      XL: |  1  2  3  4  5  6  7  8  9 10 |
---------------+-------------------------------+-----
Stealth        | 2 3 4 |  4.5
Fighting       | 2 3 4 5 |  5.9
Ranged Weapons | 6 7 9 10 11 13 | 13.5
Dodging        | 3 4 5 6 7 8 |  8.6
Armour         | 1 2 3 4 |  4.0
Invocations    | 2 4 5 |  5.9
Evocations     | 2 4 6 |  6.0

Action                   |  1- 3 |  4- 6 |  7- 9 | 10-12 || total
-------------------------+-------+-------+-------+-------++-------
 Fire: Shortbow          |    76 |   153 |   401 |       ||   630
       Arbalest          |       |       |    10 |   170 ||   180
Invok: Heroism           |       |       |       |     1 ||     1
       Finesse           |       |       |       |     1 ||     1
Evoke: Wand              |       |       |     5 |     3 ||     8
  Use: Potion            |       |     3 |     1 |     5 ||     9
       Scroll            |       |       |    20 |     3 ||    23
Armor: Leather armour    |     2 |    22 |    46 |     5 ||    75
       Robe              |       |       |       |    14 ||    14
Dodge: Dodged            |     7 |    85 |   152 |   125 ||   369

Table legend: (Time is in decaauts)
 A = Elapsed time spent in this place.
 B = Non-inter-level travel time spent in this place.
 C = Inter-level travel time spent in this place.
 D = Time resting spent in this place.
 E = Time spent auto-exploring this place.
 F = Levels seen in this place.
 G = Mean time per level.
                   A        B        C        D        E       F      G
               +--------+--------+--------+--------+--------+-----+--------+
         Total |   9407 |   8949 |    458 |   2139 |   4689 |  12 |  783.9 |
       Dungeon |   8630 |   8194 |    436 |   1945 |   4555 |   9 |  958.9 |
        Temple |     59 |     37 |     22 |      0 |     29 |   1 |   59.0 |
       Ossuary |    232 |    232 |      0 |     23 |    105 |   1 |  232.0 |
        Bailey |    484 |    484 |      0 |    170 |      0 |   1 |  484.0 |
               +--------+--------+--------+--------+--------+-----+--------+

Top non-repeatable levels by time:
     D:6: 1741 daAuts
     D:7: 1707 daAuts
     D:3: 1083 daAuts
     D:8: 1025 daAuts
     D:5: 1010 daAuts
     D:4: 921 daAuts
     D:1: 729 daAuts
  Bailey: 484 daAuts
     D:2: 324 daAuts
 Ossuary: 232 daAuts
     D:9: 87 daAuts
  Temple: 59 daAuts
